 Dungeon Crawl Stone Soup version 0.30-a0-21-g5d08c37080 (webtiles) character file.

Game seed: 16062704454870782167

2 Plasmagod the Shield-Bearer (level 1, 0/11 HPs)
             Began as a Vine Stalker Fighter on Aug 24, 2022.
             Slain by a jackal (1 damage)
             ... on level 1 of the Dungeon.
             The game lasted 00:00:11 (28 turns).

Plasmagod the Shield-Bearer (Vine Stalker Fighter)    Turns: 28, Time: 00:00:12

Health: 0/11       AC:  6    Str: 18    XL:     1   Next: 40%
Magic:  0/2        EV:  9    Int:  8    God:
Gold:   0          SH:  4    Dex: 13    Spells: 0/0 levels left

rFire   . . .      SeeInvis .    a - +0 long sword
rCold   . . .      Faith    .    c - +0 buckler
rNeg    . . .      Spirit   +    b - +0 scale mail
rPois   .          Reflect  .    (no helmet)
rElec   .          Harm     .    (no cloak)
rCorr   .          Rampage  .    (no gloves)
Will    .....                    (no boots)
Stlth   ..........               (no amulet)
HPRegen 0.03/turn                (no ring)
MPRegen 0.08/turn                (no ring)

@: no status effects
A: fangs 2, magic shield, antimagic bite, no potion heal 2
a: no special abilities


You were on level 1 of the Dungeon.
You visited 1 branch of the dungeon, and saw 1 of its levels.

Inventory:

Hand Weapons
 a - a +0 long sword (weapon)
Armour
 b - a +0 scale mail (worn)
 c - a +0 buckler (worn)
Potions
 d - a potion of might


   Skills:
 + Level 2.7 Fighting
 + Level 1.7 Long Blades
 + Level 2.4 Armour
 + Level 2.7 Shields


You couldn't memorise any spells.
You didn't know any spells.
Your spell library was empty.

Dungeon Overview and Level Annotations

Branches:
Dungeon (1/15)

Altars:


Innate Abilities, Weirdness & Mutations

You have extremely sharp teeth.
When hurt, damage is shared between your health and your magic reserves.
Your bite disrupts and absorbs the magic of your enemies.
Potions cannot restore your health.


Message History

You hit the jackal. You bite the jackal. You drain its power.
The jackal is almost dead.
The jackal completely misses you. The jackal closely misses you.
The jackal barely misses you.
The jackal bites you but does no damage.
You hit the jackal.
You kill the jackal!
You closely miss the jackal. The jackal bites you. x2
The jackal closely misses you.
You are too injured to fight recklessly!
You are too injured to fight recklessly!
You are too injured to fight recklessly!
You are too injured to fight recklessly!
You are too injured to fight recklessly!
You are too injured to fight recklessly!
You are too injured to fight recklessly!
You are too injured to fight recklessly!
You are too injured to fight recklessly!
You are too injured to fight recklessly!
You are too injured to fight recklessly!
You are too injured to fight recklessly!
You are too injured to fight recklessly!
You are too injured to fight recklessly!
You are too injured to fight recklessly!
The jackal attacks as you move away! The jackal barely misses you.
The jackal bites you but does no damage.
The jackal bites you. You block the jackal's attack.
The jackal attacks as you move away!
The jackal bites you but does no damage.
You hit the jackal but do no damage. The jackal closely misses you.
You hit the jackal. You bite the jackal.
You kill the jackal!
The jackal barely misses you.
You barely miss the jackal. You bite the jackal, but do no damage.
The jackal bites you.
* * * LOW HITPOINT WARNING * * *
The jackal bites you.
* * * LOW HITPOINT WARNING * * *
The jackal barely misses you. The jackal bites you.
You die...

#.#####
.....#
....# ...#
..#
#.###.#
#...†.#
#####h####
#@h..##
####..###
##...#
###.######
#.#8.#.#
#.#'#..#
#..'#.<#
###'#..#
#8.#.#


You could see 2 jackals.

Vanquished Creatures
  2 jackals (D:1)
2 creatures vanquished.

Notes
Turn   | Place    | Note
-------+----------+-------------------------------------------
     0 | D:1      | Plasmagod the Vine Stalker Fighter began the quest for the
                  | Orb.
     0 | D:1      | Reached XP level 1. HP: 11/11 MP: 2/2
    28 | D:1      | Slain by a jackal

Illustrated notes

Levels and vault maps discovered:
D:1:      saegor_arrival_simple_c, layout_rooms,
          shapermc_ecumenical_altar_mp_ritualfount

Action                   || total
-------------------------++-------
Melee: Long sword        ||     8
       Bite              ||     3
Armor: Scale mail        ||     5
Dodge: Dodged            ||    10
Block: Buckler           ||     3

Table legend: (Time is in decaauts)
 A = Elapsed time spent in this place.
 B = Non-inter-level travel time spent in this place.
 C = Inter-level travel time spent in this place.
 D = Time resting spent in this place.
 E = Time spent auto-exploring this place.
 F = Levels seen in this place.
 G = Mean time per level.
                   A        B        C        D        E       F      G
               +--------+--------+--------+--------+--------+-----+--------+
         Total |     30 |     30 |      0 |      0 |     16 |   1 |   30.0 |
       Dungeon |     30 |     30 |      0 |      0 |     16 |   1 |   30.0 |
               +--------+--------+--------+--------+--------+-----+--------+

Top non-repeatable levels by time:
     D:1: 30 daAuts
